 Dungeon Crawl Stone Soup version 0.22-a0-135-g6f012ad52b (webtiles) character file.

190 FollowTheCloud the Covered (level 5, -9/47 HPs)
             Began as a Minotaur Fighter on Feb 1, 2018.
             Mangled by an orc warrior
             ... wielding a +0 war axe
              (15 damage)
             ... on level 4 of the Dungeon.
             The game lasted 00:06:03 (2518 turns).

FollowTheCloud the Covered (Minotaur Fighter)       Turns: 2518, Time: 00:06:04

Health: -9/47      AC:  7    Str: 23 (25) XL:     5   Next: 41%
Magic:  4/4        EV:  8    Int:  2 (5)  God:
Gold:   98         SH: 10    Dex: 10 (11) Spells: 4/4 levels left

rFire    . . .     SeeInvis .   a - +0 war axe
rCold    . . .     Gourm    .   c - +0 shield
rNeg     . . .     Faith    .   b - +0 scale mail
rPois    .         Spirit   .   (helmet restricted)
rElec    .         Reflect  .   (no cloak)
rCorr    .         Harm     .   (no gloves)
MR       .....                  (no boots)
Stlth    ..........             (no amulet)
HPRegen  0.15/turn              (no ring)
MPRegen  0.09/turn              (no ring)

@: mighty
A: retaliatory headbutt, horns 2
a: no special abilities


You were on level 4 of the Dungeon.
You were not hungry.

You visited 1 branch of the dungeon, and saw 4 of its levels.

You collected 98 gold pieces.

Inventory:

Hand Weapons
 a - a +0 war axe (weapon)
Armour
 b - a +0 scale mail (worn)
 c - a +0 shield (worn)
Jewellery
 g - an uncursed ring of protection from cold {unknown}
 i - an uncursed ring of flight {unknown}
Wands
 t - a wand of paralysis (13)
Scrolls
 e - a scroll of random uselessness {unknown}
 h - 2 scrolls of magic mapping {unknown}
 j - a scroll of identify {unknown}
 k - 2 scrolls of teleportation {unknown}
 l - a scroll of remove curse {unknown}
 n - a scroll of fog {unknown}
 o - 2 scrolls of blinking {unknown}
 r - 3 scrolls of fear {unknown}
Potions
 d - 2 potions of degeneration
 m - a potion of brilliance {unknown}
 q - a potion of agility {unknown}
 u - 2 potions of ambrosia {unknown}
Comestibles
 f - 4 rations


   Skills:
 + Level 4.8 Fighting
 + Level 4.0 Axes
 + Level 4.8 Armour
 - Level 0.8 Dodging
 + Level 4.6 Shields


You had 4 spell levels left.
You didn't know any spells.

Dungeon Overview and Level Annotations

Branches:
Dungeon (4/15)
 Temple: D:4-7

Altars:
Elyvilon
Gozag
Kikubaaqudgha
Nemelex Xobeh
Okawaru

Annotations:
D:3 2 transporters


Innate Abilities, Weirdness & Mutations

You reflexively headbutt those who attack you in melee.
You have a pair of horns on your head.


Message History

It was a potion of degeneration.
There was something very wrong with that liquid.
You feel weakened.
You feel dopey.
You feel clumsy. The orc warrior barely misses you.
You feel very mighty all of a sudden.
The orc warrior hits you with a war axe.
* * * LOW HITPOINT WARNING * * *
You hit the orc warrior but do no damage.
Your headbutt misses the orc warrior.
The orc wizard casts a spell.
The orc wizard blinks!
The orc priest hits you but does no damage.
The orc warrior barely misses you.
Unknown command.
You slash the orc priest!
You kill the orc priest!
Your Axes skill increases to level 4!
You hit the orc warrior but do no damage.
The orc warrior hits you with a war axe!
You die...

.........##..).##
........###(.o.#
........# #....#
........# #....#
#......<# #..#.#
#...)...###..#.##
#........###.#..#
..#.......#####)##
.........## #.@###
.#.....#.# ##o..#
###...#### #####
##....# ##...#
##....# ##..#..#
..###..# .## #.#


You could see an orc warrior and an orc wizard.

Vanquished Creatures
  A centaur skeleton (D:2)
  An orc priest (D:4)
  A worker ant (D:2)
  3 adders
  2 oozes
  A worm (D:3)
  A dart slug (D:4)
  3 leopard geckos
  6 orcs
  4 giant cockroaches
  6 goblins
  8 hobgoblins
  7 jackals (D:3)
  6 kobolds
  A quokka (D:2)
  A ball python (D:3)
  3 bats
  2 frilled lizards (D:1)
  3 rats
60 creatures vanquished.

Notes
Turn   | Place    | Note
-------+----------+-------------------------------------------
     0 | D:1      | FollowTheCloud the Minotaur Fighter began the quest for the Orb.
     0 | D:1      | Reached XP level 1. HP: 19/19 MP: 0/0
   101 | D:1      | Reached XP level 2. HP: 22/27 MP: 1/1
   744 | D:2      | Reached XP level 3. HP: 33/33 MP: 2/2
   848 | D:2      | Reached XP level 4. HP: 13/41 MP: 3/3
  1153 | D:2      | Found a faded altar of an unknown god.
  1176 | D:2      | Found a white marble altar of Elyvilon.
  1416 | D:2      | Found an ancient bone altar of Kikubaaqudgha.
  1662 | D:3      | Found a transporter.
  1676 | D:3      | Found a transporter.
  1727 | D:3      | Reached XP level 5. HP: 47/47 MP: 4/4
  1989 | D:3      | Found an iron altar of Okawaru.
  1990 | D:3      | Found a sparkling altar of Nemelex Xobeh.
  1991 | D:3      | Found an opulent altar of Gozag.
  2027 | D:4      | Noticed an orc warrior
  2518 | D:4      | Mangled by an orc warrior

Vault maps used:
D:1:      roderic_crossed_star
D:2:      kiku_gazebo_garden_becter, old_standard_altar,
          chequers_ecumenical_altar_lobes, minmay_misc_feat_x
D:3:      gammafunk_steamed_eel, gammafunk_temple_overflow_claw
D:4:      serial_shops, nicolae_shop_window_shopping, hangedman_decor_growths,
          minmay_liquid_box, trog_hazing_becter, uniq_blork_the_orc,
          uniq_sigmund

Skill      XL: |  1  2  3  4  5 |
---------------+----------------+-----
Fighting       | 4 |  4.8
Axes           | 3 4 |  4.0
Armour         | 4 |  4.8
Shields        | 4 |  4.6
Dodging        | |  0.8

Action                   |  1- 3 |  4- 6 || total
-------------------------+-------+-------++-------
Melee: War axe           |    62 |    85 ||   147
       Headbutt          |     9 |    12 ||    21
  Use: Potion            |     1 |     2 ||     3
  Eat: Chunk             |       |     5 ||     5
Armor: Scale mail        |    23 |    52 ||    75
Dodge: Dodged            |    23 |    41 ||    64
Block: Shield            |    34 |    65 ||    99

Table legend:
 A = Spawn XP
 B = Non-spawn XP
 C = Spawn XP percentage of total XP
 D = Spawn monster count
 E = Non-spawn monster count
 F = Spawn count percentage of total count
 G = Total turns spent on level
                    A         B        C        D         E        F      G
               +---------+---------+-------+---------+---------+-------+---------
         Total |       0 |     272 |   0.0 |       0 |      60 |   0.0 |  2518
               +---------+---------+-------+---------+---------+-------+---------
           D:1 |       0 |      25 |   0.0 |       0 |      14 |   0.0 |   628
           D:2 |       0 |     126 |   0.0 |       0 |      17 |   0.0 |   907
           D:3 |       0 |      71 |   0.0 |       0 |      24 |   0.0 |   629
           D:4 |       0 |      50 |   0.0 |       0 |       5 |   0.0 |   354
               +---------+---------+-------+---------+---------+-------+---------
